 Dungeon Crawl Stone Soup version 0.27-a0-1200-g94dc6ad4cf (webtiles) character file.

Game seed: 11796220251610276300

5997 ThingDCSS the Transmogrifier (level 10, -8/82 HPs)
             Began as a Demonspawn Transmuter on June 1, 2021.
             Was a High Priest of Vehumet.
             Shot with an arrow by a centaur warrior (21 damage)
             ... on level 11 of the Dungeon.
             The game lasted 01:09:19 (8631 turns).

ThingDCSS the Transmogrifier (DsTm)                 Turns: 8631, Time: 01:09:20

Health: -8/82      AC:  2    Str: 16    XL:     10   Next: 55%
Magic:  12/14      EV: 19    Int: 16    God:    Vehumet [*****.]
Gold:   594        SH:  0    Dex: 19    Spells: 4/14 levels left

rFire    . . .     SeeInvis +     - Unarmed
rCold    . . .     Faith    +   (shield currently unavailable)
rNeg     . . .     Spirit   .   (armour currently unavailable)
rPois    x         Reflect  .   (helmet currently unavailable)
rElec    .         Harm     .   (cloak currently unavailable)
rCorr    .         Rampage  .   (gloves currently unavailable)
Will     +....                  (boots currently unavailable)
Stlth    ++........             s - amulet of faith
HPRegen  0.23/turn              m - ring of wizardry
MPRegen  0.14/turn              d - ring "Himolyrchin" {Will+ Str+4 SInv}

@: about to teleport, spider-form, studying Air Magic
A: venomous fangs, tiny, (claws 1), (yellow scales 2), demonic guardian 2,
demonic magic 1, see invisible
a: End Transformation, Renounce Religion


You were on level 11 of the Dungeon.
You worshipped Vehumet.
Vehumet was extremely pleased with you.
You were a venomous arachnid creature.
You visited 3 branches of the dungeon, and saw 13 of its levels.

You collected 594 gold pieces.

Inventory:

Missiles
 i - 16 javelins
Armour
 c - a +0 helmet (melded)
 l - a +0 pair of gloves (melded)
 r - +1 steam dragon scales (melded)
 u - a +2 pair of boots of stealth (melded)
Jewellery
 d - the ring "Himolyrchin" (right front leg) {Will+ Str+4 SInv}
   (You acquired it on level 9 of the Dungeon)

   [ring of willpower]

   It affects your strength (+4).
   It lets you see invisible.
   It increases your willpower.
 f - a ring of protection from fire
 m - a ring of wizardry (left front leg)
 n - a ring of flight
 s - an amulet of faith (around neck)
 A - an amulet of faith
Wands
 x - a wand of flame (35)
 E - a wand of polymorph (9)
Scrolls
 a - a scroll of fog
 b - a scroll of summoning
 h - 2 scrolls of amnesia
 j - 3 scrolls of enchant armour
 k - 11 scrolls of identify
 w - 3 scrolls of enchant weapon
 B - 2 scrolls of immolation
Potions
 e - 2 potions of heal wounds
 g - 2 potions of haste
 o - a potion of might
 p - a potion of brilliance
 q - a potion of lignification


   Skills:
 * Level 8.6 Fighting
 - Level 2.0 Dodging
 - Level 0.1 Stealth
 - Level 7.0 Unarmed Combat
 + Level 2.7 Spellcasting
 - Level 3.0 Conjurations
 + Level 9.1 Transmutations
 - Level 5.1 Air Magic
 - Level 2.0 Poison Magic


You had 4 spell levels left.
You knew the following spells:

 Your Spells              Type           Power      Damage    Failure   Level
a - Beastly Appendage     Tmut           62%        N/A       1%          1
b - Shock                 Conj/Air       60%        1d6       1%          1
c - Spider Form           Tmut/Pois      10%        N/A       7%          3
d - Hydra Form            Tmut           15%        N/A       12%         5

Your spell library contained the following spells:

 Spells                   Type           Power      Damage    Failure   Level
 Freezing Cloud           Conj/Ice/Air   5%         6-21      73%         6
 Wereblood                Tmut           31%        N/A       1%          2
 Sandblast                Erth           4%         2d4       4%          1
 Passwall                 Tmut/Erth      13%        N/A       5%          2
 Stone Arrow              Conj/Erth      14%        3d7       7%          3
 Ice Form                 Ice/Tmut       16%        N/A       22%         4
 Petrify                  Tmut/Erth      16%        N/A       22%         4
 Irradiate                Conj/Tmut      10%        3d16      10%         5
 Iskenderun's Battlesphe  Conj           11%        2d7       24%         5
 Bolt of Magma            Conj/Fire/Erth 2%         4d4       43%         5
 Blade Hands              Tmut           15%        N/A       43%         6
 Lee's Rapid Deconstruct  Erth           1%         3d5*      54%         5
 Iron Shot                Conj/Erth      3%         9d2       85%         6
 Dragon Form              Tmut           15%        N/A       89%         7
 Statue Form              Tmut/Erth      10%        N/A       92%         6
 Orb of Destruction       Conj           5%         9d2       98%         7
 Spellforged Servitor     Conj/Summ      3%         N/A       99%         7


Dungeon Overview and Level Annotations

Branches:
Dungeon (11/15)            Temple (1/1) D:5            Lair (1/6) D:8
    Orc: D:9-12

Altars:
Ashenzari
Cheibriados
Dithmenos
Elyvilon
Fedhas
Gozag
Hepliaklqana
Kikubaaqudgha
Makhleb
Nemelex Xobeh
Okawaru
Qazlal
Ru
Sif Muna
Trog
Uskayaw
Vehumet
Wu Jian
Xom
Yredelemnul
Zin
The Shining One

Shops:
D:9 [


Innate Abilities, Weirdness & Mutations

You are a venomous arachnid creature.
You have poisonous fangs.
You are tiny and dextrous.
Your spellcasting is less reliable in this form.
Your armour is entirely melded.
You are incapable of wielding weapons or throwing items.
((You have sharp fingernails.))
((You are mostly covered in yellow scales. (AC +3)))
A demonic guardian rushes to your aid.
Spells you cast may paralyse adjacent enemies.
You have supernaturally acute eyesight. (SInv)


Message History

Confirm with . or Enter, or press ? or * to list all spells.
You turn into a venomous arachnid creature.
Your +0 helmet melds into your body.
Your +0 pair of gloves melds into your body.
Your +2 pair of boots of stealth melds into your body.
Your +1 steam dragon scales melds into your body.
You feel less stealthy. Malevolent energies surge around you.
The centaur warrior shouts!
The centaur warrior wields a +0 longbow.
The centaur warrior shoots an arrow.
The arrow hits you!!
The centaur warrior unwields a +0 longbow.
The centaur warrior completely misses you.
The centaur warrior misses you.
You hit the centaur warrior but do no damage.
The centaur warrior is poisoned.
The centaur warrior hits you! The centaur warrior kicks you.
You bite the centaur warrior!
The centaur warrior is moderately wounded.
The centaur warrior misses you. x2
The vampire gestures at itself while chanting.
The vampire flickers and vanishes for a moment.
The centaur warrior hits you!
* * * LOW HITPOINT WARNING * * *
The centaur warrior closely misses you.
As you read the scroll of teleportation, it crumbles to dust.
You feel strangely unstable.
The centaur warrior completely misses you.
The centaur warrior closely misses you.
Unknown command.
You hit the centaur warrior.
The centaur warrior looks as sick as possible!
The centaur warrior is moderately wounded.
The centaur warrior hits you!
* * * LOW HITPOINT WARNING * * *
A demonic guardian appears!
The centaur warrior kicks you.
* * * LOW HITPOINT WARNING * * *
The centaur warrior misses you. The centaur warrior barely misses you.
The centaur warrior wields a +0 longbow.
The centaur warrior shoots an arrow.
The arrow hits you!!
You die...

#. #.###.# #
#.....#
#.######.
#....(...
#.#####..
#.# #.# #.#
#s# #.#
#.4..c......
####V####...
#.# #.# #.#
#.# .!.


You could see a centaur warrior (extremely poisoned) and a vampire (invisible).

Vanquished Creatures
  Pikel (D:4)
  2 cyclopes
  5 yaks
  A steam dragon (D:6)
  3 vampire mosquitoes
  Edmund (D:5)
  2 water moccasins
  A sky beast (D:8)
  3 orc warriors
  4 black bears
  2 ice beasts (D:6)
  2 necrophages
  2 ogres
  3 centaurs
  2 bullfrogs (D:8)
  A gnoll sergeant (D:9)
  A wyvern zombie (D:6)
  2 scorpions
  A water moccasin zombie (D:6)
  2 water moccasin skeletons
  3 killer bees (D:10)
  A howler monkey (D:4)
  3 centaur zombies
  A hound (D:4)
  A bullfrog skeleton (D:5)
  2 iguanas
  Terence (D:3)
  14 orc wizards
  A hound skeleton (D:5)
  A howler monkey zombie (D:9)
  3 adders
  3 gnolls (D:9)
  A howler monkey skeleton (D:5)
  A shadow imp (D:5)
  2 white imps
  An ufetubus (D:5)
  2 worms (D:2)
  26 orcs
  8 ball pythons
  8 bats
  2 endoplasms
  2 giant cockroaches
  4 goblins (D:2)
  5 hobgoblins
  12 jackals
  5 kobolds
  5 quokkas
  9 frilled lizards
  4 rats
172 creatures vanquished.

Vanquished Creatures (collateral kills)
  A yak (D:10)
  A wraith (D:10)
  2 centaurs (D:11)
  A water moccasin skeleton (D:6)
  An orc priest (D:7)
  A dart slug (D:4)
  2 orcs
  An endoplasm (D:4)
10 creatures vanquished.

Vanquished Creatures (others)
  11 plants
11 creatures vanquished.

Grand Total: 193 creatures vanquished

Notes
Turn   | Place    | Note
-------+----------+-------------------------------------------
     0 | D:1      | ThingDCSS the Demonspawn Transmuter began the quest for the
                  | Orb.
     0 | D:1      | Reached XP level 1. HP: 15/15 MP: 3/3
   140 | D:1      | Found a faded altar of an unknown god.
   153 | D:1      | Became a worshipper of Vehumet
   153 | D:1      | Reached * piety under Vehumet
   153 | D:1      | Offered knowledge of Shock by Vehumet.
   242 | D:2      | Gained mutation: Spells you cast may paralyse adjacent
                  | enemies. [demonic ancestry]
   242 | D:2      | Reached XP level 2. HP: 12/21 MP: 3/5
   387 | D:1      | Learned a level 1 spell: Shock
   685 | D:1      | Gained mutation: A weak demonic guardian rushes to your
                  | aid. [demonic ancestry]
   685 | D:1      | Reached XP level 3. HP: 26/26 MP: 6/6
   871 | D:1      | Offered knowledge of Sandblast by Vehumet.
   985 | D:2      | Reached ** piety under Vehumet
  1024 | D:2      | Reached skill level 1 in Conjurations
  1136 | D:2      | Reached skill level 2 in Transmutations
  1623 | D:3      | Reached XP level 4. HP: 20/32 MP: 7/7
  1627 | D:3      | Noticed Terence
  1827 | D:3      | Killed Terence
  1834 | D:3      | Learned a level 3 spell: Spider Form
  2355 | D:3      | Offered knowledge of Poisonous Vapours by Vehumet.
  2367 | D:4      | Noticed Pikel
  2367 | D:4      | Noticed a lemure
  2367 | D:4      | Noticed a lemure
  2367 | D:4      | Noticed a lemure
  2454 | D:4      | Noticed an ogre
  2462 | D:4      | Killed an ogre
  2463 | D:4      | Reached XP level 5. HP: 35/38 MP: 3/8
  2511 | D:3      | Reached *** piety under Vehumet
  2664 | D:5      | Entered Level 5 of the Dungeon
  2678 | D:5      | Noticed a black bear
  2694 | D:5      | Killed a black bear
  2695 | D:5      | Gained mutation: You are partially covered in yellow
                  | scales. (AC +2) [demonic ancestry]
  2695 | D:5      | Reached XP level 6. HP: 9/46 MP: 7/9
  2704 | D:5      | Reached skill level 3 in Transmutations
  2953 | D:5      | Noticed Edmund
  2970 | D:5      | Killed Edmund
  3015 | D:4      | Killed Pikel
  3016 | D:4      | Reached skill level 5 in Unarmed Combat
  3016 | D:4      | Reached skill level 4 in Transmutations
  3016 | D:4      | Gained mutation: You have sharp fingernails. [demonic
                  | ancestry]
  3016 | D:4      | Reached XP level 7. HP: 25/54 MP: 8/10
  3169 | D:4      | Found a sacrificial altar of Ru.
  3174 | D:4      | Found a blossoming altar of Fedhas.
  3265 | D:4      | Gained mutation: You are mostly covered in yellow scales.
                  | (AC +3) [demonic ancestry]
  3265 | D:4      | Reached XP level 8. HP: 41/61 MP: 5/11
  3365 | D:4      | Reached skill level 1 in Poison Magic
  3366 | D:4      | Offered knowledge of Inner Flame by Vehumet.
  3373 | D:4      | HP: 1/61 [iguana (4)]
  4124 | D:6      | Reached skill level 5 in Fighting
  4124 | D:6      | Reached skill level 5 in Transmutations
  4148 | D:6      | Reached skill level 6 in Transmutations
  4201 | D:6      | You fall into a shaft and drop 3 floors!
  4202 | D:9      | Noticed a cyclops
  4203 | D:9      | Identified a scroll of acquirement
  4203 | D:9      | Acquired the ring "Himolyrchin" {Will+ Str+4 SInv}
  4300 | D:8      | Found an ornate altar of the Wu Jian Council.
  4428 | D:8      | Found a shimmering altar of Xom.
  4460 | D:8      | Found a staircase to the Lair.
  4461 | D:8      | Noticed a komodo dragon
  4504 | Lair:1   | Entered Level 1 of the Lair of Beasts
  4853 | D:6      | Reached skill level 7 in Transmutations
  4860 | D:6      | Learned a level 5 spell: Hydra Form
  4878 | D:6      | Reached **** piety under Vehumet
  4893 | D:6      | Offered knowledge of Irradiate by Vehumet.
  4894 | D:6      | Reached XP level 9. HP: 68/68 MP: 7/12
  5089 | D:5      | Reached skill level 8 in Transmutations
  5225 | D:5      | Found a staircase to the Ecumenical Temple.
  5231 | Temple   | Entered the Ecumenical Temple
  7111 | D:9      | Reached skill level 9 in Transmutations
  7209 | D:9      | Found Plog's Antique Armour Emporium.
  7327 | D:10     | Entered Level 10 of the Dungeon
  7397 | D:9      | Reached skill level 1 in Air Magic
  7472 | D:9      | Killed a cyclops
  7473 | D:9      | Gained mutation: A demonic guardian rushes to your aid.
                  | [demonic ancestry]
  7473 | D:9      | Reached XP level 10. HP: 79/79 MP: 13/13
  7719 | D:10     | Reached ***** piety under Vehumet
  7839 | D:11     | Noticed a cyclops
  7860 | D:10     | Offered knowledge of Freezing Cloud by Vehumet.
  7864 | D:10     | HP: 1/104 [yak (13)]
  8230 | D:10     | Found a broken altar of Ashenzari.
  8276 | D:10     | Gained mutation: You have supernaturally acute eyesight.
                  | (SInv) [potion of mutation]
  8542 | D:11     | Killed a cyclops
  8543 | D:11     | Reached skill level 5 in Air Magic
  8559 | D:11     | Noticed a centaur warrior
  8631 | D:11     | Shot with an arrow by a centaur warrior

Illustrated notes

Levels and vault maps discovered:
D:1:      tarquinn_simple_flora_water_b, layout_basic,
          hellmonk_ecumenical_altar_slurped_away, roderic_lattice_a,
          serial_bayou_lake_a
D:2:      layout_basic
D:3:      layout_loops_ring, serial_forest, infiniplex_forest_straight_1,
          infiniplex_forest_lined_2, infiniplex_forest_corner_1,
          infiniplex_forest_straight_1, infiniplex_forest_corner_1,
          infiniplex_forest_end_3, infiniplex_forest_clump_diagonal,
          hangedman_decor_peaks_small, kennysheep_donut, minmay_bisected,
          uniq_terence
D:4:      layout_loops_ring, grunt_temple_overflow_open, uniq_pikel
D:5:      layout_basic, minmay_temple_entry_enclosed_plants, uniq_edmund
D:6:      layout_cave_pools, gup_sewer_entry_spiral, minmay_manual_mail
D:7:      layout_gridville, serial_shops, nicolae_shop_behind_doors
D:8:      layout_basic, xom_teletrap_fun, amcnicky_altar_gilded,
          david_lair_shrubbed
D:9:      layout_roguey, serial_shops, nicolae_shop_stone, serial_curves,
          eino_curves_02, eino_curves_02, eino_curves_03, eino_curves_01
D:10:     layout_roguey, lemuel_doored_altar
D:11:     layout_loops_ring, minmay_beelzebubs_servants
Temple:   regret_index_temple_sphere_string
Lair:1:   layout_gridlike, serial_bayou_pond_a, lemuel_fruit_tree,
          grunt_megastairs_2

Skill      XL: |  1  2  3  4  5  6  7  8  9 10 |
---------------+-------------------------------+-----
Unarmed Combat | 3 4 5 6 7 |  7.0
Conjurations   | 1 2 3 |  3.0
Dodging        | 2 |  2.0
Transmutations | 2 4 7 9 |  9.1
Fighting       | 2 4 5 7 8 |  8.6
Poison Magic   | 2 |  2.0
Air Magic      | 3 5 |  5.1
Stealth        | |  0.1
Spellcasting   | |  2.7

Action                   |  1- 3 |  4- 6 |  7- 9 | 10-12 || total
-------------------------+-------+-------+-------+-------++-------
Melee: Unarmed           |   169 |    80 |   299 |    98 ||   646
       Kick              |    17 |     5 |    70 |     4 ||    96
       Headbutt          |     8 |     7 |    40 |     4 ||    59
       Punch             |     4 |       |     8 |       ||    12
 Cast: Beastly Appendage |    16 |     9 |    30 |     1 ||    56
       Shock             |     6 |     3 |    14 |       ||    23
       Spider Form       |       |     4 |     4 |     1 ||     9
       Hydra Form        |       |       |     4 |     4 ||     8
Evoke: Wand              |       |       |     1 |       ||     1
  Use: Potion            |     1 |     1 |     5 |     6 ||    13
       Scroll            |       |       |     5 |     7 ||    12
 Stab: Sleeping          |     1 |       |     2 |       ||     3
       Paralysed         |     6 |     1 |    13 |     1 ||    21
       Distracted        |       |       |     4 |       ||     4
Armor: Robe              |    32 |    14 |    23 |       ||    69
       Skin              |       |     3 |    30 |    31 ||    64
       Steam dragon scal |       |       |    62 |     4 ||    66
Dodge: Dodged            |   105 |    53 |   158 |    46 ||   362

Table legend: (Time is in decaauts)
 A = Elapsed time spent in this place.
 B = Non-inter-level travel time spent in this place.
 C = Inter-level travel time spent in this place.
 D = Time resting spent in this place.
 E = Time spent auto-exploring this place.
 F = Levels seen in this place.
 G = Mean time per level.
                   A        B        C        D        E       F      G
               +--------+--------+--------+--------+--------+-----+--------+
         Total |   8625 |   8625 |      0 |   1175 |   1290 |  13 |  663.5 |
       Dungeon |   8346 |   8346 |      0 |   1175 |   1138 |  11 |  758.7 |
        Temple |    274 |    274 |      0 |      0 |    152 |   1 |  274.0 |
          Lair |      3 |      3 |      0 |      0 |      0 |   1 |    3.0 |
               +--------+--------+--------+--------+--------+-----+--------+

Top non-repeatable levels by time:
     D:3: 1191 daAuts
     D:8: 1012 daAuts
     D:2: 880 daAuts
    D:10: 833 daAuts
     D:1: 810 daAuts
     D:5: 794 daAuts
     D:4: 754 daAuts
     D:6: 673 daAuts
     D:7: 601 daAuts
     D:9: 600 daAuts
  Temple: 274 daAuts
    D:11: 195 daAuts
  Lair:1: 3 daAuts
